 Dungeon Crawl Stone Soup version 0.32-a0-779-g362cfcae2a (webtiles) character file.

Game seed: 1042919989640661465

172 croobank the Caller (level 5, -3/37 HPs)
             Began as a Human Summoner on Mar 19, 2024.
             Slain by a goblin
             ... wielding a +0 dagger
             ... led by Robin
              (4 damage)
             ... on level 3 of the Dungeon.
             The game lasted 00:15:03 (3127 turns).

croobank the Caller (Human Summoner)                Turns: 3127, Time: 00:15:04

Health: -3/37      AC:  2    Str:  8    XL:     5   Next: 52%
Magic:  9/9        EV: 12    Int: 17    God:
Gold:   175        SH:  0    Dex: 14    Spells: 3/9 levels left

rFire   + . .        c - +1 dagger (venom)
rCold   + . .        (no shield)
rNeg    . . .        a - +0 robe
rPois   +            (no helmet)
rElec   +            (no cloak)
rCorr   +            (no gloves)
SInv    .            (no boots)
Will    .....        (no amulet)
Stlth   ++           h - ring of wizardry
HPRegen 0.26/turn    (no ring)
MPRegen 0.11/turn

%: wizardry (x1)
@: resistant
A: explore regen
a: no special abilities


You were on level 3 of the Dungeon.
You visited 1 branch of the dungeon, and saw 3 of its levels.

You collected 175 gold pieces.

Inventory:

Hand Weapons
 c - a +1 dagger of venom (weapon)
Missiles
 d - 9 boomerangs
 j - 2 poisoned darts
Armour
 a - a +0 robe (worn)
Jewellery
 h - a ring of wizardry (left hand)
Scrolls
 e - a scroll of enchant weapon
 f - 3 scrolls of identify {unknown}
 l - 3 scrolls of immolation {unknown}
 m - a scroll of enchant armour {unknown}
 n - a scroll of blinking {unknown}
 o - a scroll of silence {unknown}
Potions
 b - a potion of magic
 i - a potion of haste {unknown}


   Skills:
 + Level 1.6 Fighting
 + Level 3.0 Dodging
 + Level 3.2 Stealth
 + Level 2.9 Spellcasting
 + Level 4.6 Summonings


You had 3 spell levels left.
You knew the following spells:

 Your Spells              Type           Power      Damage    Failure   Level
a - Summon Small Mammal   Summ           72%        N/A       1%          1
b - Call Imp              Summ           36%        N/A       1%          2
c - Call Canine Familiar  Summ           18%        N/A       3%          3

Your spell library contained the following spells:

 Spells                   Type           Power      Damage    Failure   Level
 Fugue of the Fallen      Necr           2%         N/A       21%         3
 Ozocubu's Armour         Ice            2%         N/A       21%         3
 Summon Blazeheart Golem  Fire/Summ      10%        N/A       26%         4
 Summon Lightning Spire   Summ/Air       10%        N/A       26%         4
 Brom's Barrelling Bould  Conj/Erth      2%         2d3       54%         4
 Manifold Assault         Tloc           2%         N/A       54%         4
 Fireball                 Conj/Fire      1%         3d3       86%         5
 Iskenderun's Battlesphe  Conj           2%         2d6       86%         5
 Conjure Ball Lightning   Conj/Air       1%         3x3d6     100%        6
 Orb of Destruction       Conj           1%         9d5       100%        7


Dungeon Overview and Level Annotations

Branches:
Dungeon (3/15)

Altars:
Makhleb

Annotations:
D:3 Robin


Innate Abilities, Weirdness & Mutations

You regain HP and MP as you explore.


Message History

Throw: 2 javelins
Press: ? - help, Q - select action, (/) - cycle Shift-Dir - straight line, f/p - Robin
Aim: Robin, wielding a +0 spear, wearing a +0 animal skin and wearing a +0 helmet (moderately wounded, 62% to hit)
You throw a javelin. The javelin pierces through the goblin!
You kill the goblin!
The javelin barely misses Robin.
The javelin pierces through the goblin but does no damage.
A hobgoblin comes into view.
A hobgoblin comes into view. It is wielding a +0 dagger.
The goblin hits you with a +0 dagger.
Robin hits you from afar with a +0 spear.
The goblin barely misses you.
Throw: javelin
Press: ? - help, Q - select action, (/) - cycle Shift-Dir - straight line, f/p - Robin
Aim: Robin, wielding a +0 spear, wearing a +0 animal skin and wearing a +0 helmet (moderately wounded, 62% to hit)
You throw a javelin. The javelin barely misses Robin.
The javelin completely misses the goblin.
Robin closely misses you. The goblin hits you with a +0 dagger.
Robin throws the goblin at you! The goblin closely misses you. x2
The goblin falls through a shaft!
The shaft crumbles and collapses.
Things that are here:
a +0 long sword; a goblin corpse You hit Robin.
Robin is poisoned.
Robin is heavily wounded.
Robin hits you with a +0 spear.
* * * LOW HITPOINT WARNING * * *
The goblin hits you with a +0 dagger.
* * * LOW HITPOINT WARNING * * *
The goblin completely misses you.
You hit Robin but do no damage.
Robin looks as sick as possible!
Robin is heavily wounded.
The goblin hits you with a +0 dagger.
* * * LOW HITPOINT WARNING * * *
The goblin barely misses you.
Okay, then.
Okay, then.
It was a potion of resistance.
You feel protected. The goblin hits you with a +0 dagger.
You die...

+# #.......# #.# .#
##.......# #.# P♣
#..........######.#
.♣
###........#......#
♣♣
#..........####.# .
#.######>.## #.# ♣
#. ########.# #
#gg.).# #@##### #g#
.gg...gg# ......$.#
######..# #(.# #..#
#g.# #..#


You could see Robin (extremely poisoned), 2 hobgoblins and 3 goblins.

Vanquished Creatures
  Natasha (D:3)
  2 adders
  2 dart slugs
  A giant cockroach (D:2)
  5 goblins
  2 hobgoblins
  A quokka (D:2)
  A kobold (D:2)
  4 rats
19 creatures vanquished.

Vanquished Creatures (collateral kills)
  An orc wizard (D:3)
  4 adders
  2 ribbon worms (D:2)
  3 orcs (D:3)
  4 ball pythons
  A bat (D:3)
  4 endoplasms
  A giant cockroach (D:3)
  7 hobgoblins
  3 kobolds
  2 frilled lizards
  4 goblins
  2 rats (D:2)
38 creatures vanquished.

Grand Total: 57 creatures vanquished

Notes
Turn   | Place    | Note
-------+----------+-------------------------------------------
     0 | D:1      | croobank the Human Summoner began the quest for the Orb.
     0 | D:1      | Reached XP level 1. HP: 13/13 MP: 3/3
   404 | D:1      | Reached XP level 2. HP: 17/19 MP: 1/5
   407 | D:1      | Learned a level 2 spell: Call Imp
   971 | D:2      | Reached XP level 3. HP: 16/24 MP: 2/6
   975 | D:2      | Learned a level 3 spell: Call Canine Familiar
  1673 | D:2      | Reached XP level 4. HP: 31/31 MP: 3/7
  2243 | D:2      | Reached skill level 1 in Fighting
  2655 | D:3      | Found a burning altar of Makhleb.
  2688 | D:3      | Reached XP level 5. HP: 37/37 MP: 7/9
  2841 | D:3      | Noticed Natasha
  2869 | D:3      | Killed Natasha
  3114 | D:3      | Noticed Robin
  3126 | D:3      | HP: 1/37 [goblin/+0 dagger[Robin] (4)]
  3127 | D:3      | Slain by a goblin

Illustrated notes

Levels and vault maps discovered:
D:1:      psy_arrival_conway, layout_loops_ring
D:2:      minmay_razor_zed, layout_loops_ring, serial_forest,
          infiniplex_forest_zigzag_1, infiniplex_forest_lined_corner,
          infiniplex_forest_end_2, infiniplex_forest_clump_curved,
          infiniplex_forest_lined_1, infiniplex_forest_straight_1,
          infiniplex_forest_end_3, infiniplex_forest_lined_corner,
          infiniplex_forest_lined_room_3
D:3:      layout_basic, lemuel_round_altar, serial_shops,
          nicolae_shop_rolled_up, uniq_robin, uniq_natasha,
          uniq_crazy_yiuf_cottage

Skill      XL: |  1  2  3  4  5 |
---------------+----------------+-----
Fighting       | 1 |  1.6
Stealth        | 3 |  3.2
Dodging        | 3 |  3.0
Spellcasting   | |  2.9
Summonings     | |  4.6

Action                     |  1- 3 |  4- 6 || total
---------------------------+-------+-------++-------
  Melee: Dagger            |    30 |    22 ||    52
  Throw: Javelin           |       |     7 ||     7
   Cast: Summon Small Mamm |    20 |     8 ||    28
         Call Imp          |     7 |     6 ||    13
         Call Canine Famil |     5 |     5 ||    10
    Use: Scroll            |       |     1 ||     1
         Potion            |       |     1 ||     1
   Stab: Sleeping          |     2 |     2 ||     4
 Armour: Robe              |    19 |    25 ||    44
  Dodge: Dodged            |     9 |    31 ||    40

Table legend: (Time is in decaauts)
 A = Elapsed time spent in this place.
 B = Non-inter-level travel time spent in this place.
 C = Inter-level travel time spent in this place.
 D = Time resting spent in this place.
 E = Time spent auto-exploring this place.
 F = Levels seen in this place.
 G = Mean time per level.
                   A        B        C        D        E       F      G
               +--------+--------+--------+--------+--------+-----+--------+
         Total |   3133 |   3085 |     48 |    305 |   2283 |   3 | 1044.3 |
       Dungeon |   3133 |   3085 |     48 |    305 |   2283 |   3 | 1044.3 |
               +--------+--------+--------+--------+--------+-----+--------+

Top non-repeatable levels by time:
     D:2: 1650 daAuts
     D:1: 924 daAuts
     D:3: 558 daAuts
